Map: Last Fantasy LE

Players

HeroMarine

  • Race: Terran Terran
  • Spawn Location: 12:00

Rogue - Winner!

  • Race: Zerg Zerg
  • Spawn Location: 7:00

Event: Esports World Cup 2025

VOD

Have the link to the VOD?

Description

Time

  • Played on: July 23, 2025, 6:43 a.m.
  • Length: 13:04

All games in this series

Show
View Real Time Build Order
Export as new Build Order

HeroMarine Terran 

Build Orders: Command Center First 

Get SALT Encoding   

  12  0:00  SCV  
  13  0:12  SCV  
  14  0:18  Supply Depot  
  14  0:24  SCV  
  15  0:40  SCV  
  16  0:52  SCV  
  17  1:00  Command Center  
  17  1:04  SCV  
  17  1:09  Refinery  
  18  1:16  SCV  
  19  1:23  Barracks  
  19  1:28  SCV  
  20  1:40  SCV  
  21  1:53  SCV  
  22  2:09  Reaper  
  22  2:10  Orbital Command  
  22  2:12  Orbital Command  
  23  2:29  Factory  
  23  2:33  Command Center  
  23  2:35  SCV  
  24  2:39  SCV  
  25  2:44  Refinery  
  25  2:47  SCV  
  25  2:50  Barracks Reactor  
  25  2:51  SCV  
  27  2:59  SCV  
  27  3:03  SCV  
  29  3:11  SCV  
  30  3:15  Hellion  
  30  3:17  SCV  
  33  3:20  Starport  
  33  3:24  SCV  
  34  3:29  SCV  
  35  3:36  SCV  
  35  3:38  Supply Depot, Barracks Tech Lab  
  36  3:41  SCV  
  36  3:45  Hellion x2  
  36  3:48  Orbital Command, SCV  
  42  3:53  SCV  
  43  4:00  SCV  
  43  4:02  Cloaking Field, Banshee, Marine  
  48  4:03  Supply Depot  
  48  4:05  SCV  
  48  4:06  Refinery  
  49  4:12  SCV  
  49  4:13  Hellion x2  
  49  4:15  SCV  
  55  4:17  SCV  
  55  4:21  Barracks Tech Lab  
  56  4:24  SCV  
  56  4:27  SCV  
  56  4:28  Engineering Bay x2  
  58  4:34  Barracks  
  58  4:38  Barracks, SCV x2  
  60  4:39  SCV  
  60  4:40  Marine  
  60  4:41  Factory Reactor  
  62  4:47  Banshee  
  62  4:52  Supply Depot, SCV  
  66  4:53  SCV  
  66  4:54  SCV  
  66  4:58  Refinery, Terran Infantry Armor Level 1  
  68  5:00  Terran Infantry Weapons Level 1  
  68  5:01  Marine  
  68  5:02  Orbital Command  
  68  5:06  Stimpack  
  69  5:14  SCV x2  
  69  5:15  Supply Depot  
  69  5:16  Supply Depot  
  69  5:19  Supply Depot  
  71  5:26  SCV x2  
  71  5:27  Supply Depot  
  74  5:28  SCV  
  72  5:36  Barracks  
  72  5:38  Barracks, SCV  
  72  5:42  SCV x2  
  68  5:44  Starport Reactor  
  68  5:45  Marine x4  
  68  5:47  Marine  
  67  5:50  SCV  
  67  5:54  SCV x2  
  67  5:56  Missile Turret  
  70  5:58  Missile Turret  
  70  6:02  Missile Turret, SCV  
  70  6:03  Marine x2  
  73  6:06  SCV x2  
  73  6:07  Marine x2  
  73  6:08  Marine  
  78  6:14  Siege Tank  
  78  6:16  SCV  
  82  6:18  SCV  
  82  6:21  Marine x2  
  82  6:25  Marine, Armory  
  86  6:26  SCV, Barracks Reactor  
  86  6:28  SCV  
  86  6:30  Marine x2  
  86  6:32  Barracks Reactor  
  90  6:33  SCV  
  90  6:38  Marine, SCV  
  90  6:39  Supply Depot  
  93  6:41  SCV  
  93  6:42  Medivac x2  
  93  6:45  SCV  
  99  6:47  Supply Depot  
  99  6:50  Marine, SCV  
  99  6:51  Marine x3  
  104  6:56  Combat Shield  
  104  7:00  Siege Tank  
  108  7:01  Refinery, Supply Depot, SCV  
  108  7:03  SCV  
  108  7:04  Marine, SCV  
  108  7:06  Marine  
  108  7:08  Marine x2  
  114  7:09  Marine  
  114  7:11  Marine x3  
  114  7:12  Medivac x2  
  114  7:14  SCV  
  123  7:15  Terran Infantry Weapons Level 2  
  123  7:19  Supply Depot  
  123  7:20  Terran Infantry Armor Level 2  
  123  7:23  Marine x3  
  126  7:31  Supply Depot  
  126  7:39  SCV x3  
  126  7:40  Barracks  
  126  7:41  Barracks x2, Marine  
  126  7:42  Marine x3  
  133  7:47  Marine x2  
  135  7:53  Marine x3  
  135  7:57  Siege Tank, Medivac x2  
  145  8:00  Supply Depot x2  
  145  8:01  Marine x3  
  145  8:04  Marine  
  145  8:05  Marine x2  
  150  8:09  Supply Depot  
  150  8:10  Supply Depot  
  150  8:15  Marine x2  
  150  8:16  Marine  
  150  8:19  Marine  
  154  8:20  Marine x2  
  154  8:22  Marine  
  154  8:25  Marine x2  
  157  8:29  Siege Tank  
  157  8:31  Barracks Tech Lab x2  
  157  8:33  Marine x2  
  161  8:35  Marauder  
  161  8:37  Barracks Tech Lab  
  161  8:38  Factory  
  163  8:41  Marine x4  
  163  8:43  Marine x2  
  169  8:49  Terran Vehicle And Ship Armor Level 1  
  169  8:51  Marine x2  
  171  8:57  Medivac x2  
  171  8:58  Command Center  
  171  9:02  Widow Mine  
  177  9:07  Marauder x4  
  177  9:08  Concussive Shells  
  157  9:22  Factory Reactor, Sensor Tower  
  157  9:23  Drilling Claws, Widow Mine  
  155  9:28  Marauder  
  155  9:31  Marauder x2  
  158  9:35  Terran Infantry Weapons Level 3  
  158  9:36  Marauder  
  158  9:37  Marine x2  
  158  9:38  Marine x3  
  140  9:44  Medivac x2  
  140  9:45  Widow Mine  
  147  9:46  Marine  
  147  9:49  Marine x2  
  147  9:50  Marauder  
  147  9:52  Marauder x2  
  156  9:54  Marine x2  
  156  9:58  Marauder  
  156  9:59  Widow Mine x2  
  164  10:09  Marine  
  164  10:11  Marauder, Widow Mine  
  164  10:12  Marine x2  
  164  10:13  Marine x3  
  164  10:14  Marauder, Marine x2  
  158  10:15  Marine  
  158  10:18  Marine  
  158  10:21  Widow Mine  
  143  10:26  Widow Mine  
  143  10:27  Marine  
  133  10:30  Marine x2, Medivac x2  
  133  10:31  Marine x2  
  133  10:32  Marauder, Marine x2  
  133  10:33  Marauder  
  147  10:40  Marauder x2, Marine  
  147  10:42  Widow Mine  
  154  10:45  Marine, Widow Mine  
  154  10:48  Marine x2  
  154  10:49  Marine x2  
  161  10:50  Marine x2  
  161  10:54  Marauder, Marine  
  163  10:58  Marine  
  163  11:02  Marauder x2  
  163  11:03  Marine  
  167  11:04  Orbital Command  
  167  11:05  Marine  
  167  11:06  Marine  
  167  11:09  Widow Mine x3  
  171  11:20  Marauder x2, Marine x2  
  171  11:24  Medivac  
  171  11:25  Medivac  
  181  11:26  Marauder x2  
  181  11:30  Widow Mine  
  181  11:31  Widow Mine x2  
  191  11:36  Marine x2  
  191  11:37  Marine  
  191  11:39  Marine  
  158  11:40  Marine x2  
  158  11:41  Marauder x2  
  152  11:47  Marauder x2, Marine x2  
  152  11:52  Widow Mine x3  
  156  11:54  Marine  
  147  12:03  Marauder x2  
  147  12:05  Medivac  
  147  12:06  Medivac  
  151  12:09  Marauder  
  151  12:12  Marine  
  151  12:13  Command Center, Marine, Widow Mine x2  
  151  12:14  Marine  
  162  12:15  Marine  
  162  12:16  Marine x3  
  162  12:17  Widow Mine  
  162  12:22  Marauder, Marine  
  169  12:24  Marauder, Marine  
  169  12:29  Marine  
  172  12:30  Marine  
  172  12:31  Marine  
  172  12:32  Marine  
  172  12:35  Widow Mine  
  176  12:38  Marine x2  
  176  12:39  Marine  
  176  12:40  Marine  
  176  12:41  SCV x2  
  176  12:42  Marauder  
  176  12:43  SCV  
Show
View Real Time Build Order
Export as new Build Order

Rogue Zerg - Winner!

Build Orders: Hatch First 

Get SALT Encoding   

  12  0:00  Drone  
  13  0:12  Overlord  
  13  0:16  Drone  
  14  0:31  Drone x2  
  16  0:46  Hatchery  
  16  0:49  Drone  
  16  0:52  Drone  
  16  0:56  Drone  
  18  1:07  Extractor  
  17  1:12  Spawning Pool  
  17  1:14  Drone  
  17  1:18  Drone  
  18  1:27  Drone  
  19  1:38  Drone  
  20  1:49  Drone  
  21  1:58  Queen  
  21  1:59  Zergling x4, Queen  
  27  2:10  Overlord  
  27  2:11  Metabolic Boost  
  27  2:14  Drone  
  28  2:28  Hatchery  
  27  2:30  Drone  
  27  2:33  Drone  
  27  2:35  Drone  
  30  2:38  Drone  
  31  2:45  Overlord  
  31  2:50  Queen  
  32  2:54  Drone  
  32  2:55  Drone  
  34  2:58  Drone  
  35  3:08  Drone x4  
  39  3:13  Overlord  
  39  3:17  Drone x3  
  39  3:18  Drone  
  42  3:28  Drone x2  
  44  3:38  Queen  
  46  3:41  Queen  
  46  3:42  Drone, Overlord  
  46  3:44  Zergling x4  
  46  3:46  Zergling x2  
  52  3:53  Drone x3  
  55  3:57  Overlord  
  55  3:59  Drone x2  
  57  4:04  Drone  
  57  4:06  Overlord  
  58  4:10  Drone  
  58  4:13  Overlord  
  58  4:17  Queen  
  59  4:20  Drone x3  
  59  4:21  Drone x2  
  59  4:22  Drone  
  67  4:26  Drone  
  68  4:34  Zergling x8  
  68  4:35  Drone  
  73  4:41  Hatchery, Extractor  
  73  4:42  Evolution Chamber  
  73  4:43  Drone x2, Evolution Chamber  
  73  4:44  Overlord  
  70  4:47  Spore Crawler  
  70  4:51  Zergling x8  
  73  4:55  Queen  
  73  4:59  Drone x3  
  78  5:03  Drone x2  
  78  5:04  Drone  
  81  5:08  Zerg Ground Armor Level 1  
  81  5:12  Drone x4  
  81  5:13  Drone  
  86  5:15  Zergling x4  
  86  5:21  Zerg Melee Weapons Level 1  
  88  5:22  Zergling x2  
  88  5:26  Overlord  
  88  5:27  Zergling x6  
  92  5:29  Overlord, Extractor  
  92  5:30  Overlord  
  92  5:32  Overlord  
  91  5:40  Lair  
  91  5:41  Drone  
  91  5:42  Drone  
  89  5:43  Overlord  
  89  5:44  Drone x3  
  89  5:45  Drone  
  89  5:46  Drone  
  89  5:50  Drone  
  89  5:53  Drone  
  89  5:55  Drone  
  89  5:57  Drone  
  92  5:58  Baneling Nest  
  92  6:01  Drone  
  92  6:05  Drone  
  92  6:06  Drone, Spore Crawler  
  92  6:08  Hatchery, Spore Crawler x2  
  92  6:09  Queen  
  92  6:14  Drone x4  
  92  6:15  Drone x4  
  92  6:16  Overlord, Extractor  
  99  6:21  Zergling x4  
  101  6:29  Drone  
  101  6:30  Drone x4  
  102  6:33  Drone  
  102  6:35  Drone  
  102  6:36  Drone  
  102  6:38  Overseer  
  105  6:42  Zergling x10, Extractor  
  105  6:43  Extractor  
  105  6:44  Centrifugal Hooks  
  105  6:45  Zergling x4, Infestation Pit  
  109  6:47  Overlord  
  109  6:49  Drone x2  
  109  6:54  Zergling x8  
  113  6:55  Zergling x2  
  113  6:57  Zergling x4  
  118  7:02  Zergling x8  
  118  7:03  Hatchery  
  118  7:05  Baneling x5  
  118  7:06  Zerg Ground Armor Level 2  
  121  7:11  Zergling x4  
  121  7:12  Zergling x4  
  121  7:13  Zergling x2  
  121  7:14  Zergling x2, Overlord  
  127  7:17  Zergling x2  
  128  7:25  Zergling x16  
  136  7:30  Baneling x7  
  136  7:35  Zergling x2  
  136  7:36  Zergling x6  
  140  7:41  Baneling x5  
  140  7:44  Zergling x10  
  139  7:47  Hive  
  139  7:48  Drone  
  139  7:49  Drone x2  
  139  7:51  Drone x2  
  148  7:53  Overseer  
  148  7:58  Drone x3  
  148  7:59  Drone  
  148  8:00  Drone x6  
  148  8:02  Overlord  
  148  8:04  Overlord  
  158  8:08  Overlord  
  158  8:09  Overlord  
  158  8:13  Zerg Melee Weapons Level 2  
  158  8:16  Burrow  
  158  8:18  Zergling x12  
  163  8:20  Overlord  
  163  8:21  Zergling x6  
  162  8:28  Zergling x6  
  164  8:35  Baneling x9  
  164  8:40  Extractor x2  
  162  8:42  Hatchery  
  162  8:45  Drone x2  
  162  8:46  Drone x4  
  162  8:47  Drone x2  
  170  8:48  Zergling x8  
  170  8:49  Zergling x6  
  170  8:51  Zergling x18  
  185  8:55  Zergling x2  
  185  8:56  Zergling x2  
  185  8:58  Zergling x4  
  185  8:59  Baneling x10  
  185  9:00  Zergling x2, Baneling x8  
  185  9:02  Zergling x12  
  195  9:04  Zergling x2  
  195  9:05  Baneling x2  
  195  9:06  Zergling x2, Baneling x8  
  197  9:14  Zergling x8, Hatchery  
  197  9:15  Zergling x12  
  197  9:16  Zergling x2  
  183  9:17  Zergling x2  
  183  9:18  Zergling x2  
  183  9:21  Zergling x2  
  183  9:23  Ultralisk Cavern, Baneling  
  183  9:24  Baneling x4  
  181  9:26  Zergling x2  
  181  9:27  Zergling x14  
  181  9:30  Zergling x4  
  181  9:31  Zergling x4  
  185  9:33  Zergling x2  
  185  9:35  Zergling x2  
  185  9:36  Zergling x2  
  185  9:37  Zergling x2  
  185  9:38  Zergling x2  
  168  9:42  Zergling x2  
  168  9:43  Zergling x10  
  168  9:44  Zergling x2, Zerg Ground Armor Level 3  
  174  9:46  Baneling x9  
  174  9:47  Baneling  
  174  9:48  Zergling x4  
  174  9:49  Zergling x2  
  174  9:50  Zergling x4  
  179  9:53  Overlord  
  179  9:54  Zergling x4  
  179  9:58  Overseer  
  180  10:00  Spore Crawler  
  180  10:02  Zergling x2  
  180  10:03  Zergling x18  
  180  10:05  Zergling x2  
  186  10:10  Zergling x2  
  186  10:13  Zergling x22  
  175  10:17  Zergling x2  
  175  10:18  Zergling x2  
  175  10:19  Zergling x2  
  175  10:20  Zergling x12  
  167  10:21  Zergling x2  
  167  10:22  Chitinous Plating  
  167  10:24  Zergling x2  
  157  10:29  Drone x4  
  157  10:30  Drone x5  
  165  10:37  Baneling  
  165  10:38  Baneling x15  
  165  10:41  Hydralisk Den  
  164  10:48  Zergling x2, Ultralisk x2  
  178  10:50  Baneling x11  
  178  10:51  Pneumatized Carapace  
  178  10:54  Zergling x2  
  178  10:55  Zergling x2  
  163  10:58  Zergling x2  
  163  10:59  Zergling x2  
  163  11:00  Zergling x16  
  166  11:05  Zergling x2  
  166  11:06  Zergling x8  
  166  11:08  Zergling x10  
  166  11:10  Zergling x4  
  178  11:15  Zergling x2  
  178  11:16  Zergling x14  
  178  11:17  Zergling x2  
  186  11:24  Ultralisk x2  
  198  11:27  Zergling x4  
  198  11:28  Zergling x2  
  198  11:29  Zergling x2  
  199  11:33  Zergling x2  
  199  11:37  Ultralisk x2  
  199  11:38  Zergling x4  
  185  11:41  Zergling x2, Anabolic Synthesis  
  185  11:43  Zergling x2  
  185  11:44  Zergling x6  
  185  11:46  Ultralisk  
  185  11:47  Zergling x4  
  189  11:51  Zergling x4  
  189  11:53  Zergling x2  
  189  11:54  Zergling x4  
  192  11:55  Zergling x2, Ultralisk  
  192  11:56  Zergling x2  
  192  11:59  Zergling x6  
  192  12:01  Zergling x2  
  192  12:03  Zergling x2  
  192  12:08  Zergling x16  
  191  12:15  Baneling x10  
  192  12:17  Overlord  
  192  12:18  Overlord  
  192  12:20  Overlord  
  192  12:22  Overlord  
  192  12:23  Baneling x3  
  192  12:24  Baneling x5  
  192  12:25  Overlord  
  192  12:27  Baneling  
  192  12:29  Overseer, Overlord  
  192  12:30  Hatchery  
  192  12:34  Zergling x2  
  192  12:36  Zergling x18  
  197  12:38  Zergling x2  
  197  12:40  Zergling x10  
  197  12:41  Zergling x2  
  197  12:43  Zergling x6  
  198  12:45  Zergling x2  
  198  12:46  Zergling x4  
Tags
 
Add a new tag
Caveats
  • Supply blocks, unpowered buildings, or Contaminate may cause inaccurate times.
  • Supply counts are checked every 10 seconds.